 Dungeon Crawl Stone Soup version 0.26.1-15-g04117e645d (webtiles) character file.

Game seed: 8704758416277590993

559604 Froggeryz the Slayer (level 25, -7/190 (192) HPs)
             Began as an Octopode Berserker on Mar 1, 2022.
             Was the Champion of Trog.
             Mangled by a storm dragon (9 damage)
             ... on level 1 of the Realm of Zot on Mar 2, 2022.
             The game lasted 02:31:05 (84342 turns).

Froggeryz the Slayer (Octopode Berserker)          Turns: 84342, Time: 02:31:05

HP:   -7/190 (192)  AC: 11    Str: 22    XL:     25   Next: 97%
MP:   0/23          EV: 32    Int: 10    God:    Trog [******]
Gold: 9169          SH: 20    Dex: 27    Spells: 24/24 levels left

rFire    + + .     SeeInvis +   E - +8 mithril axe "Arga" {speed, Will+}
rCold    + . .     Faith    +   B - +3 kite shield {reflect}
rNeg     + . .     Spirit   +   P - +2 hat of the Bear Spirit {Spirit, +Rage rN+ Will++}
rPois    +         Reflect  +   Q - amulet "Qeneh" {Faith rElec}
rElec    +         Harm     .   z - ring "Hunum" {+Blink Will+ Dex+6}
rCorr    .         Rampage  .   j - ring of Shadows {Umbra +Inv Stlth+}
Will     +++++                  b - +4 ring of protection Stlth ***+++++++
                                v - ring "Zocaruk" {rElec rF+ Will+}
HPRegen  0.41/turn              D - ring of see invisible
MPRegen  0.18/turn              m - ring of protection from cold
                                T - ring "Odeetes" {rPois rF+ Str+4}
                                Z - +4 ring of protection

@: about to teleport, hasted and slowed, wreathed by umbra, studying Stealth,
lightly drained
A: almost no armour, stealthy swim, amphibious, 8 rings, constrict 8, camouflage
1, gelatinous body 1
}: 4/15 runes: decaying, serpentine, silver, abyssal
a: Renounce Religion, Evoke Blink, Evoke Berserk Rage, Evoke Invisibility,
Berserk, Trog's Hand, Brothers in Arms


You were on level 1 of the Realm of Zot.
You worshipped Trog.
Trog was exalted by your worship.
You visited 10 branches of the dungeon, and saw 44 of its levels.
You visited the Abyss 1 time.
You also visited: Trove, Ice Cave and Volcano.

You collected 13132 gold pieces.
You spent 3963 gold pieces at shops.

Inventory:

Hand Weapons
 E - the +8 mithril axe "Arga" (weapon) {speed, Will+}
   (You found it in a treasure trove)

   Attacks with this weapon are significantly faster.
   It affects your willpower, your defense against some magical effects.
 K - a +9 broad axe of flaming
Missiles
 k - 140 poisoned darts
 s - 26 curare-tipped darts
 w - 2 javelins (quivered)
 x - 4 throwing nets
 J - 5 silver javelins
 S - 41 boomerangs
Armour
 B - a +3 kite shield of reflection (worn)
 P - the +2 hat of the Bear Spirit (worn) {Spirit, +Rage rN+ Will++}
   (You found it in a treasure trove)

   It protects you from negative energy.
   It affects your willpower, your defense against some magical effects.
   It lets you go berserk.
Jewellery
 a - an uncursed ring of resist corrosion
 b - a +4 ring of protection (on tentacle)
 j - the ring of Shadows (right tentacle) {Umbra +Inv Stlth+}
   (You acquired it on level 11 of the Dungeon)

   [ring of stealth]

   It lets you turn invisible.
   It makes you more stealthy.
 m - a ring of protection from cold (on tentacle)
 v - the ring "Zocaruk" (on tentacle) {rElec rF+ Will+}
   (You took it off a deep elf death mage on level 5 of the Vaults)

   [ring of protection from fire]

   It protects you from fire.
   It insulates you from electricity.
   It affects your willpower, your defense against some magical effects.
 z - the ring "Hunum" (left tentacle) {+Blink Will+ Dex+6}
   (You took it off a vault warden on level 5 of the Vaults)

   [ring of dexterity]

   It affects your dexterity (+6).
   It affects your willpower, your defense against some magical effects.
   It lets you blink.
 D - a ring of see invisible (on tentacle)
 Q - the amulet "Qeneh" (around mantle) {Faith rElec}
   (You found it in a treasure trove)

   [amulet of faith]

   It allows you to gain divine favour quickly.
   It insulates you from electricity.
 T - the ring "Odeetes" (on tentacle) {rPois rF+ Str+4}
   (You found it in a treasure trove)

   [ring of poison resistance]

   It affects your strength (+4).
   It protects you from fire.
   It protects you from poison.
 W - an uncursed ring of flight
 Z - a +4 ring of protection (on tentacle)
Wands
 y - a wand of acid (64)
 G - a wand of enslavement (13)
 I - a wand of flame (25)
 O - a wand of iceblast (14)
 R - a wand of disintegration (43)
 U - a wand of paralysis (31)
 V - a wand of digging (18)
Scrolls
 d - 11 scrolls of teleportation
 e - a scroll of silence
 f - 35 scrolls of remove curse
 g - 4 scrolls of blinking
 u - 4 scrolls of fear
 H - 5 scrolls of immolation
 L - 5 scrolls of magic mapping
 Y - a scroll of summoning
Potions
 i - 8 potions of haste
 l - 13 potions of curing
 n - a potion of ambrosia
 p - 18 potions of flight
 t - 2 potions of heal wounds
 A - 4 potions of resistance
 C - a potion of berserk rage
 F - 4 potions of mutation
 M - 2 potions of invisibility
 N - 8 potions of might
 X - 3 potions of cancellation
Books
 c - a manual of Stealth
Miscellaneous
 o - a condenser vane
 q - a phantom mirror


   Skills:
 - Level 21.0 Fighting
 - Level 11.3 Short Blades
 - Level 20.2 Axes
 - Level 15.4 Throwing
 + Level 16.9 Dodging
 - Level 16.0 Stealth
 + Level 18.0 Shields
 - Level 10.2 Evocations


You had 24 spell levels left.
You didn't know any spells.
Your spell library was empty.

Dungeon Overview and Level Annotations

Branches:
Dungeon (15/15)            Temple (1/1) D:6            Lair (6/6) D:8
  Swamp (4/4) Lair:3        Snake (4/4) Lair:3        Slime (0/5) Lair:5
    Orc (2/2) D:9             Elf (1/3) Orc:2        Vaults (5/5) D:13
  Crypt (0/3) Vaults:3     Depths (5/5) D:15            Zot (1/5) Depths:5
  IceCv (visited)         Volcano (visited)

Altars:
Ashenzari
Cheibriados
Dithmenos
Elyvilon
Fedhas
Gozag
Hepliaklqana
Kikubaaqudgha
Makhleb
Nemelex Xobeh
Okawaru
Qazlal
Ru
Sif Muna
Trog
Uskayaw
Vehumet
Wu Jian
Xom
Yredelemnul
Zin
The Shining One
Beogh

Shops:
D:4 [   D:7 [   D:9 [?[   D:15 [   Orc:2 ([:*   Snake:3 !}   Depths:1 *(*==}}
Depths:4 [**(   Depths:5 [

Portals:
Hell: Depths:1 Depths:2 Depths:3 Depths:4 Depths:5
Abyss: Depths:3 Depths:4
Pandemonium: Depths:3 Depths:5
Ziggurat: Depths:5

Annotations:
Lair:6 exclusion: 2 oklob plants
Elf:1 2 transporters, kalagan's ghost, journeyman DECj


Innate Abilities, Weirdness & Mutations

You cannot wear most types of armour.
You are very stealthy in the water. (Stealth+)
You are amphibious.
You can wear up to eight rings at the same time.
You can use your tentacles to constrict eight enemies at once.
Your skin changes colour to match your surroundings (Stealth+).
Your rubbery body absorbs attacks. (AC +1, EV +1)


Message History

The death cob hits you!!
* * * LOW HITPOINT WARNING * * *
The death cob drains your vigour!
You feel as though you will be slow longer.
You block the death cob's attack. The death cob hits you!!
* * * LOW HITPOINT WARNING * * *
You block the death cob's attack. The death cob closely misses you.
The death cob completely misses you. The death cob misses you.
The Killer Klown honks.
The Killer Klown blinks!
The death cob completely misses you. You block the storm dragon's attack.
The storm dragon misses you. The storm dragon barely misses you.
The death cob hits you!
* * * LOW HITPOINT WARNING * * *
The death cob closely misses you. You block the death cob's attack.
The ancient lich mumbles some strange words.
You block the death cob's attack. The death cob closely misses you.
The storm dragon bites you!
* * * LOW HITPOINT WARNING * * *
The storm dragon claws you!
You die...

.. .. ... ...
$.#######. ..
###.#.#.###. .
##...^...### ..#
....§......##...##
.....⌠......##...#
.8..§....8..##...#
....###Dz..$.##.
.....2L@z.§...#.
q.....zz#....##..#
8.#.....#.∩.^.#..#
.....>.p#....##..#
...#...#......#
...p###....§.##.
.8.......⌠..##...#
.....8....^.##....
........## ....


You could see 2 Killer Klowns, an ancient lich (invisible), a storm dragon, 4
death cobs, a green draconian annihilator and a lorocyproca (summoned,
invisible).

Vanquished Creatures
  A juggernaut (Depths:3)
  3 ancient liches
  Sojobo (Vaults:3)
  Bai Suzhen (Swamp:3)
  the Lernaean hydra (Swamp:4)
  Boris (twice) (Vaults:3 Depths:3)
  Margery (Depths:5)
  Jory (Depths:3)
  4 golden dragons
  A bone dragon (Depths:5)
  5 tentacled monstrosities
  Jorgrun (D:13)
  An Ice Fiend (IceCv)
  Rupert (Lair:3)
  4 quicksilver dragons
  11 titans
  Asterion (Depths:2)
  A tentacled starspawn (Abyss:4)
  5 sphinxes
  A thorn hunter (Swamp:1)
  3 storm dragons
  Roxanne (D:14)
  10 fire giants
  4 shadow dragons
  An azure jelly (shapeshifter) (Vaults:4)
  A storm dragon (shapeshifter) (Vaults:5)
  9 frost giants
  9 tengu reavers
  8 nagarajas
  14 vault wardens
  An orc warlord (Orc:2)
  2 deep elf sorcerers
  An iron dragon (Depths:4)
  2 draconian shifters (Depths:5)
  Louise (Swamp:3)
  A cacodemon (Depths:3)
  A deep elf elementalist (Vaults:5)
  An angel (Abyss:4)
  2 caustic shrike zombies
  15 ironheart preservers
  15 stone giants
  24 very ugly things
  A green draconian (Depths:5)
  A black draconian (Depths:5)
  4 war gargoyles
  3 vampire knights
  2 ophanim (Abyss:4)
  4 deep elf demonologists
  2 purple draconians (Depths:5)
  A spark wasp (Depths:2)
  A deep elf annihilator (Vaults:5)
  2 white draconians (Depths:5)
  3 eleionomae
  18 yaktaur captains
  A deep elf death mage (Vaults:5)
  10 fire dragons
  A shambling mangrove (Swamp:2)
  21 ettins
  Harold (D:10)
  13 naga warriors
  12 great orbs of eyes
  33 vault guards
  2 rakshasas
  13 ice dragons
  4 spriggan air magi
  Fannar (Lair:3)
  35 hydras
  14 alligators
  5 boulder beetles
  4 death knights
  11 anacondas
  12 ogre magi
  37 two-headed ogres
  3 dancing weapons
  2 catoblepae
  9 centaur warriors
  A two-headed ogre (shapeshifter) (Vaults:4)
  A death yak (Lair:3)
  10 deep troll shamans
  11 deep troll earth magi
  16 shock serpents
  7 tengu warriors
  Urug (D:13)
  An orc high priest (Orc:2)
  14 naga sharpshooters
  A soul eater (Depths:3)
  7 deep elf knights
  A spriggan berserker (Depths:5)
  2 iron trolls (Depths:4)
  3 shadow wraiths
  A fire crab (shapeshifter) (Depths:2)
  6 hell knights
  2 glowing orange brains
  A sixfirhy (Depths:3)
  7 skeletal warriors
  2 wizards
  11 sea snakes
  3 spriggan druids
  32 deep trolls
  A goliath frog (Swamp:3)
  3 flayed ghosts
  3 unseen horrors
  2 cherubim (Abyss:4)
  10 bog bodies
  2 salamander mystics
  9 ironbrand convokers
  5 necromancers
  Pikel (D:5)
  9 phantasmal warriors
  5 naga ritualists
  4 deep elf archers
  10 swamp dragons
  14 orc knights
  A tengu zombie (Depths:3)
  A sphinx zombie (Depths:3)
  15 mana vipers
  An orb spider (shapeshifter) (Vaults:2)
  2 harpies (shapeshifter)
  5 harpies (Vaults:1)
  2 manticores
  A salamander (shapeshifter) (Depths:2)
  4 orc sorcerers
  4 wolf spiders
  53 ugly things
  A moth of wrath (Zot:1)
  A cyclops (shapeshifter) (Vaults:5)
  9 cyclopes
  3 will-o-the-wisps
  A faun (shapeshifter) (Vaults:5)
  A shining eye (shapeshifter) (Vaults:3)
  19 deep elf magi
  4 elephants (Lair:1)
  Joseph (D:12)
  26 black mambas
  13 salamanders
  14 vault sentinels
  12 guardian serpents
  18 naga magi
  10 cane toads
  A torpor snail (Lair:5)
  2 ice statues (IceCv)
  The ghost of Sapher the Thaumaturge, a novice DEEE of Sif Muna (D:9)
  2 frost giant skeletons
  2 guardian serpents (shapeshifter)
  2 orange demons
  5 gargoyles
  2 centaur skeletons
  A spriggan zombie (Depths:3)
  An elf skeleton (Depths:3)
  A cane toad (shapeshifter) (Vaults:3)
  2 kobold demonologists (D:11)
  2 rime drakes
  A rime drake (shapeshifter) (Vaults:1)
  12 ice devils
  An efreet (Volcano)
  7 freezing wraiths
  18 komodo dragons
  55 yaktaurs
  11 polar bears
  4 tengu conjurers
  A queen bee (shapeshifter) (Vaults:2)
  The ghost of Sapher the Magician, a novice DEEE (D:6)
  8 trolls
  13 tyrant leeches
  A harpy zombie (D:15)
  14 hornets
  Prince Ribbit (D:9)
  A sphinx simulacrum (Depths:3)
  2 jumping spiders (shapeshifter)
  A meliai (shapeshifter) (Depths:3)
  4 polar bears (shapeshifter)
  A raiju (shapeshifter) (Depths:2)
  18 slime creatures
  4 dream sheep (Lair:4)
  A blink frog (shapeshifter) (Vaults:1)
  17 blink frogs
  A frost giant simulacrum (Depths:3)
  4 raiju
  A human simulacrum (Vaults:3)
  A redback (shapeshifter) (Vaults:4)
  2 shadows
  A spriggan (shapeshifter) (Depths:2)
  9 spriggans
  64 yaks
  13 wraiths
  4 wyverns
  A fire elemental (Volcano)
  7 basilisks
  A vampire (D:14)
  A neqoxec (Abyss:4)
  2 vampire mosquitoes (D:13)
  44 nagas
  Edmund (D:5)
  11 wargs
  12 swamp worms
  3 acid dragons
  2 soldier ants (shapeshifter)
  27 water moccasins
  Duvessa (D:4)
  2 floating eyes (Depths:3)
  A human skeleton (Depths:2)
  A meliai simulacrum (D:14)
  6 sky beasts
  6 ice beasts
  33 orc warriors
  A deep troll simulacrum (Depths:1)
  14 hell hounds (Lair:6)
  A phantom (D:12)
  7 swamp drakes
  16 black bears
  An eye of draining (D:14)
  An eye of draining (shapeshifter) (Depths:1)
  5 centaurs
  34 ogres
  5 boggarts
  27 wolves
  A lemure (D:5)
  7 big kobolds
  Blork the orc (D:5)
  An earth elemental (Elf:1)
  A small abomination (Abyss:4)
  18 bullfrogs
  A gnoll sergeant (Orc:2)
  Dowan (D:4)
  5 scorpions
  2 wyvern skeletons
  16 killer bees
  5 jellies
  A water moccasin skeleton (D:7)
  14 howler monkeys
  18 wights
  4 electric eels
  2 centaur zombies
  2 lava snakes (D:14)
  A bullfrog skeleton (D:5)
  5 hounds
  A gnoll shaman (D:8)
  11 orc priests
  29 orc wizards
  4 iguanas
  Natasha (thrice) (D:4)
  16 worker ants
  3 hound skeletons
  11 gnolls
  2 worker ant zombies
  2 howler monkey skeletons
  15 adders
  A shadow imp (D:7)
  15 white imps
  5 ufetubi
  3 oozes
  An adder zombie (D:6)
  2 adder skeletons
  2 worms
  5 dart slugs
  9 leopard geckos
  71 orcs
  2 ball pythons
  11 bats
  6 giant cockroaches
  9 goblins
  7 hobgoblins
  8 jackals
  4 quokkas
  5 frilled lizards
  32 kobolds
  4 leopard gecko skeletons
  A quokka skeleton (D:6)
  9 rats
1910 creatures vanquished.

Vanquished Creatures (collateral kills)
  A juggernaut (Abyss:4)
  Boris (Depths:4)
  An Ice Fiend (IceCv)
  A shadow dragon (Depths:4)
  An ironheart preserver (Vaults:5)
  A stone giant (Depths:4)
  A deep elf death mage (Vaults:5)
  A yaktaur captain (Depths:4)
  A great orb of eyes (Depths:4)
  An anaconda (Snake:4)
  A tengu warrior (Depths:2)
  An orc high priest (Orc:2)
  A naga sharpshooter (Snake:4)
  A cyclops (Orc:2)
  2 black mambas (Snake:4)
  A yaktaur (Vaults:5)
  An ice devil (IceCv)
  An orc warrior (Orc:2)
  An orc priest (Orc:2)
  2 orcs (Orc:2)
22 creatures vanquished.

Vanquished Creatures (others)
  A golden dragon (Vaults:5)
  A fire dragon (Depths:2)
  A naga warrior (Snake:4)
  3 deep trolls (Vaults:5)
  A freezing wraith (Vaults:3)
  A rime drake (Lair:5)
  A bloated husk (Swamp:2)
  2 orc warriors
  2 wolves (Lair:5)
  An ogre (Vaults:5)
  An orc wizard (Orc:2)
  An orc priest (Orc:2)
  4 white imps (IceCv)
  3 ufetubi (IceCv)
  A kobold (D:11)
  6 foxfires
  28 fungi
  77 plants
  2 starspawn tentacles (Abyss:4)
  7 toadstools (Swamp:1)
144 creatures vanquished.

Grand Total: 2076 creatures vanquished

Notes
Turn   | Place    | Note
-------+----------+-------------------------------------------
     0 | D:1      | Froggeryz the Octopode Berserker began the quest for the
                  | Orb.
     0 | D:1      | Reached XP level 1. HP: 16/16 MP: 1/1
   206 | D:1      | Reached skill level 1 in Stealth
   210 | D:1      | Reached XP level 2. HP: 21/21 MP: 2/2
   561 | D:1      | Reached XP level 3. HP: 26/26 MP: 3/3
   884 | D:1      | Reached ** piety under Trog
  1358 | D:2      | Reached XP level 4. HP: 22/31 MP: 2/4
  2163 | D:2      | Found an opulent altar of Gozag.
  2163 | D:2      | Found a blossoming altar of Fedhas.
  2358 | D:3      | Found a roughly hewn altar of Beogh.
  2369 | D:3      | Reached skill level 5 in Short Blades
  2369 | D:3      | Reached XP level 5. HP: 36/36 MP: 3/5
  3338 | D:4      | Reached XP level 6. HP: 42/42 MP: 6/6
  3418 | D:4      | Noticed Duvessa
  3418 | D:4      | Noticed Dowan
  3440 | D:4      | Killed Duvessa
  3441 | D:4      | Reached skill level 5 in Stealth
  3453 | D:4      | Killed Dowan
  3453 | D:4      | Reached *** piety under Trog
  3456 | D:4      | Reached XP level 7. HP: 38/46 MP: 7/7
  3456 | D:4      | Noticed Natasha
  3466 | D:4      | Killed Natasha
  3468 | D:4      | Noticed Natasha
  3479 | D:4      | Killed Natasha
  3545 | D:4      | Noticed Natasha
  3553 | D:4      | Killed Natasha
  3565 | D:4      | Found a glowing golden altar of the Shining One.
  3884 | D:4      | Found Uguhu's Armour Shoppe.
  3946 | D:5      | Entered Level 5 of the Dungeon
  4100 | D:5      | Noticed Edmund
  4107 | D:5      | Killed Edmund
  4243 | D:5      | Found a burning altar of Makhleb.
  4256 | D:5      | Noticed Pikel
  4274 | D:5      | Killed Pikel
  4275 | D:5      | Reached XP level 8. HP: 52/52 MP: 8/8
  4617 | D:5      | Noticed Blork the orc
  4624 | D:5      | Killed Blork the orc
  4771 | D:6      | Found a transporter.
  4778 | D:6      | Reached XP level 9. HP: 50/56 MP: 7/9
  4911 | D:6      | Reached **** piety under Trog
  4924 | D:6      | Found a bloodstained altar of Trog.
  4931 | D:6      | Reached skill level 10 in Short Blades
  5072 | D:6      | Reached skill level 1 in Shields
  5293 | D:6      | Found a transporter.
  5365 | D:6      | Noticed Sapher's ghost (novice DEEE)
  5367 | D:6      | Identified the +4 dire flail "Vonowkof" {protect, Int+6}
  5367 | D:6      | Noticed a two-headed ogre
  5412 | D:6      | Found a hazy altar of Hepliaklqana.
  5537 | D:6      | Found a staircase to the Ecumenical Temple.
  5550 | D:6      | Reached skill level 10 in Stealth
  5584 | Temple   | Entered the Ecumenical Temple
  6595 | D:7      | Found Noipok's Antique Armour Shoppe.
  7133 | D:7      | Reached skill level 1 in Evocations
  7133 | D:7      | Reached XP level 10. HP: 57/63 MP: 6/10
  7516 | D:8      | Reached skill level 5 in Shields
  7770 | D:8      | Found a staircase to the Lair.
  7788 | D:8      | Reached skill level 1 in Throwing
  8317 | D:8      | Reached skill level 5 in Dodging
  8323 | D:8      | Reached ***** piety under Trog
  8785 | D:9      | Found a staircase to the Orcish Mines.
  8836 | D:9      | Found Tuopadij's Magic Scroll Boutique.
  9098 | D:9      | Found Cock's Antique Armour Shoppe.
  9240 | D:9      | Reached skill level 4 in Fighting
  9243 | D:9      | Reached XP level 11. HP: 64/69 MP: 11/11
  9483 | D:9      | Found a runed translucent door.
  9484 | D:9      | Noticed Sapher's ghost (novice DEEE)
  9610 | D:9      | Noticed Prince Ribbit
  9617 | D:9      | Killed Prince Ribbit
  9650 | D:9      | Found Hoxeag's Armour Shop.
 10000 | Lair:1   | Entered Level 1 of the Lair of Beasts
 10058 | Lair:1   | Reached skill level 5 in Throwing
 10077 | Lair:1   | Reached skill level 5 in Fighting
 10420 | Lair:1   | Received a gift from Trog
 10929 | Lair:1   | Reached skill level 6 in Fighting
 11207 | Lair:1   | Reached skill level 7 in Fighting
 11719 | Lair:2   | Reached skill level 1 in Axes
 11781 | Lair:2   | Reached XP level 12. HP: 76/81 MP: 10/12
 11897 | Lair:2   | Reached skill level 8 in Fighting
 12263 | Lair:2   | You fall into a shaft and drop 1 floor!
 12274 | Lair:3   | Noticed a seven-headed hydra
 12560 | Lair:2   | Reached skill level 5 in Axes
 12580 | Lair:2   | Noticed an eight-headed hydra
 12586 | Lair:2   | Killed an eight-headed hydra
 13051 | Lair:3   | Killed a seven-headed hydra
 13147 | Lair:3   | Found a staircase to the Snake Pit.
 13194 | Lair:3   | Noticed an eight-headed hydra
 13202 | Lair:3   | Killed an eight-headed hydra
 13213 | Lair:3   | Noticed a seven-headed hydra
 13821 | Lair:3   | Noticed Fannar
 13831 | Lair:3   | Killed Fannar
 13832 | Lair:3   | Reached XP level 13. HP: 88/88 MP: 13/13
 14530 | Lair:3   | Noticed Rupert
 14533 | Lair:3   | Killed Rupert
 14718 | Lair:3   | Reached skill level 10 in Shields
 14751 | Lair:3   | Found a staircase to the Swamp.
 14871 | Snake:1  | Entered Level 1 of the Snake Pit
 15152 | Lair:4   | You fall into a shaft and drop 2 floors!
 15152 | Lair:6   | Entered Level 6 of the Lair of Beasts
 15166 | Lair:6   | Found a dark tunnel.
 15172 | Volcano  | Entered a volcano
 15869 | Lair:6   | Reached skill level 10 in Axes
 16752 | Lair:5   | Reached XP level 14. HP: 90/94 MP: 14/14
 17523 | Lair:5   | Received a gift from Trog
 18035 | Lair:5   | Found a staircase to the Slime Pits.
 20987 | D:9      | Killed Sapher's ghost
 21170 | D:6      | Killed Sapher's ghost
 21301 | D:9      | Bought a scroll of teleportation for 48 gold pieces
 21301 | D:9      | Bought a scroll of remove curse for 48 gold pieces
 21301 | D:9      | Bought a scroll of magic mapping for 56 gold pieces
 21301 | D:9      | Bought a scroll of enchant armour for 120 gold pieces
 21301 | D:9      | Bought a scroll of blinking for 120 gold pieces
 21301 | D:9      | Bought a scroll of teleportation for 48 gold pieces
 21301 | D:9      | Bought a scroll of enchant armour for 120 gold pieces
 21301 | D:9      | Bought a scroll of teleportation for 48 gold pieces
 21301 | D:9      | Bought a scroll of remove curse for 48 gold pieces
 21301 | D:9      | Bought a scroll of remove curse for 48 gold pieces
 21321 | Orc:1    | Entered Level 1 of the Orcish Mines
 21344 | Orc:1    | Received a gift from Trog
 21466 | Orc:2    | Entered Level 2 of the Orcish Mines
 22157 | Orc:2    | Found a staircase to the Elven Halls.
 22958 | Orc:2    | Noticed an orc warlord
 22992 | Orc:2    | Killed an orc warlord
 23019 | Orc:2    | Found a roughly hewn altar of Beogh.
 23046 | Orc:2    | HP: 4/94 [poisoned by a red devil]
 23512 | Orc:2    | Reached XP level 15. HP: 94/99 MP: 7/15
 23620 | Orc:2    | Found Geahah's Book Boutique.
 23678 | Orc:2    | Found Amar's Antique Weapon Boutique.
 23749 | Orc:2    | Found Hucoxio's General Store.
 23774 | Orc:2    | Bought a scroll of noise for 13 gold pieces
 23816 | Orc:2    | Found Metzimac's Antique Armour Boutique.
 24000 | Orc:2    | Bought a scroll of teleportation for 39 gold pieces
 24000 | Orc:2    | Bought a potion of heal wounds for 65 gold pieces
 24000 | Orc:2    | Bought a scroll of identify for 26 gold pieces
 24281 | D:10     | Entered Level 10 of the Dungeon
 24281 | D:10     | Noticed Harold
 24296 | D:10     | Killed Harold
 25593 | D:10     | Received a gift from Trog
 25719 | D:11     | Found a portal to a secret trove of treasure.
 25740 | D:11     | Reached skill level 15 in Axes
 27298 | D:11     | Received a gift from Trog
 27793 | D:12     | You fall into a shaft and drop 1 floor!
 27850 | D:12     | Noticed Joseph
 28981 | D:12     | Killed Joseph
 29442 | D:13     | Received a gift from Trog
 29464 | D:13     | Found a gate to the Vaults.
 29632 | D:13     | Noticed Urug
 29642 | D:13     | Killed Urug
 29968 | D:13     | Noticed Jorgrun
 29977 | D:13     | Killed Jorgrun
 30697 | D:14     | Reached XP level 16. HP: 80/105 MP: 5/16
 30898 | D:14     | Found the +15 Maxwell's patent armour {-Cast -Tele rElec
                  | Will+ rCorr}
 30909 | D:14     | Noticed Roxanne
 31613 | D:14     | Killed Roxanne
 32183 | D:15     | Entered Level 15 of the Dungeon
 32212 | D:15     | Found Ydeem's Antique Armour Shoppe.
 32621 | D:15     | Found a staircase to the Depths.
 33248 | D:15     | Received a gift from Trog
 34357 | Elf:1    | Entered Level 1 of the Elven Halls
 34357 | Elf:1    | Found a transporter.
 34374 | Elf:1    | Found a transporter.
 34374 | Elf:1    | Noticed kalagan's ghost (journeyman DECj)
 35496 | Swamp:1  | Entered Level 1 of the Swamp
 36535 | Snake:1  | Reached skill level 9 in Fighting
 36772 | Snake:1  | You fall into a shaft and drop 1 floor!
 37683 | Snake:1  | HP: 5/108 [something (2)]
 38553 | Snake:1  | Received a gift from Trog
 38879 | Snake:2  | Reached XP level 17. HP: 75/113 MP: 4/17
 40005 | Snake:2  | Reached skill level 10 in Fighting
 41820 | Snake:3  | Found Dagivu's Distillery.
 41824 | Snake:3  | Found Mionk's Gadget Boutique.
 41828 | Snake:3  | Bought a potion of heal wounds for 55 gold pieces
 41828 | Snake:3  | Bought a potion of flight for 33 gold pieces
 41828 | Snake:3  | Bought a potion of cancellation for 88 gold pieces
 41828 | Snake:3  | Bought a potion of flight for 33 gold pieces
 41828 | Snake:3  | Bought a potion of heal wounds for 55 gold pieces
 41828 | Snake:3  | Bought a potion of might for 44 gold pieces
 41832 | Snake:3  | Bought a condenser vane for 520 gold pieces
 42158 | Snake:3  | Reached skill level 15 in Shields
 42706 | Snake:4  | Entered Level 4 of the Snake Pit
 43765 | D:10     | Reached skill level 11 in Fighting
 43808 | D:11     | Identified a scroll of acquirement
 43817 | D:11     | Acquired the ring of Shadows {Umbra +Inv Stlth+}
 43818 | D:11     | Found the ring of Shadows {Umbra +Inv Stlth+}
 44143 | Snake:4  | HP: 3/117 [salamander/+4 glaive (10)]
 44641 | Snake:4  | Received a gift from Trog
 46464 | Snake:4  | Reached XP level 18. HP: 124/124 MP: 6/18
 47087 | Snake:4  | Reached skill level 10 in Dodging
 48364 | D:11     | You paid a toll of 7 scrolls of fog to enter a treasure
                  | trove
 48365 | Trove    | Entered a treasure trove
 48371 | Trove    | Found the +8 mithril axe "Arga" {speed, Will+}
 48371 | Trove    | Found the +2 hat of the Bear Spirit {Spirit, +Rage rN+
                  | Will++}
 48393 | Trove    | Got a shimmering copper ring
 48395 | Trove    | Identified the ring of the Tormentor {rElec Str+3 Int+6
                  | Dex-5 Slay-4} (You found it in a treasure trove)
 48406 | Trove    | Identified the ring "Odeetes" {rPois rF+ Str+4} (You found
                  | it in a treasure trove)
 48409 | Trove    | Identified the amulet "Qeneh" {Faith rElec} (You found it
                  | in a treasure trove)
 48424 | Trove    | Got an ichor-stained tower shield
 48427 | Trove    | Identified the +3 tower shield of Deopn {rF+} (You found it
                  | in a treasure trove)
 49429 | Snake:4  | Reached skill level 12 in Fighting
 49568 | Snake:4  | Received a gift from Trog
 50110 | Snake:4  | Got a serpentine rune of Zot
 50665 | Swamp:1  | Acquired 791 gold pieces
 50667 | Swamp:1  | Acquired a +1 kite shield of reflection
 50682 | Swamp:1  | Acquired 1202 gold pieces
 51143 | Swamp:2  | Found a frozen archway.
 51207 | IceCv    | Entered an ice cave
 51643 | IceCv    | Received a gift from Trog
 51656 | IceCv    | Noticed an Ice Fiend
 51696 | IceCv    | Noticed an Ice Fiend
 51713 | IceCv    | Killed an Ice Fiend
 51758 | IceCv    | Killed an Ice Fiend
 52513 | Swamp:2  | Reached XP level 19. HP: 133/133 MP: 19/19
 52639 | Swamp:2  | Reached skill level 13 in Fighting
 52891 | Swamp:3  | Noticed Louise
 53109 | Swamp:3  | Killed Louise
 53315 | Swamp:3  | Noticed Bai Suzhen
 53336 | Swamp:3  | Killed Bai Suzhen
 54183 | Swamp:4  | Entered Level 4 of the Swamp
 54332 | Swamp:4  | Reached skill level 14 in Fighting
 54705 | Swamp:4  | Noticed the 27-headed Lernaean hydra
 55499 | Swamp:4  | Killed the 26-headed Lernaean hydra
 56698 | Swamp:4  | Got a decaying rune of Zot
 57537 | Vaults:1 | Entered Level 1 of the Vaults
 57579 | Vaults:1 | Received a gift from Trog
 57793 | Vaults:1 | Reached skill level 15 in Fighting
 58724 | Vaults:1 | Reached XP level 20. HP: 145/145 MP: 20/20
 58935 | Vaults:1 | Reached ****** piety under Trog
 58944 | Vaults:1 | Received a gift from Trog
 59192 | Vaults:1 | Reached skill level 5 in Evocations
 59446 | Vaults:1 | Received a gift from Trog
 61686 | Vaults:3 | Noticed Boris
 61701 | Vaults:3 | Killed Boris
 61701 | Vaults:3 | Received a gift from Trog
 61936 | Vaults:3 | Reached XP level 21. HP: 153/153 MP: 21/21
 62007 | Vaults:3 | Noticed Sojobo
 62023 | Vaults:3 | Killed Sojobo
 62024 | Vaults:3 | Reached skill level 16 in Fighting
 62024 | Vaults:3 | Reached skill level 10 in Evocations
 62780 | Vaults:3 | Received a gift from Trog
 62911 | Vaults:3 | Found a staircase to the Crypt.
 62911 | Vaults:3 | Found a basalt altar of Yredelemnul.
 62911 | Vaults:3 | Found an ancient bone altar of Kikubaaqudgha.
 64144 | Vaults:4 | Received a gift from Trog
 65366 | Vaults:4 | Received a gift from Trog
 65860 | Vaults:5 | Entered Level 5 of the Vaults
 65908 | Vaults:4 | Reached skill level 17 in Fighting
 65919 | Vaults:4 | Reached skill level 15 in Stealth
 66191 | Vaults:4 | Reached XP level 22. HP: 162/162 MP: 19/22
 66249 | Vaults:4 | Received a gift from Trog
 68495 | Vaults:4 | Received a gift from Trog
 68671 | Vaults:5 | Noticed a golden dragon
 68980 | Vaults:4 | Killed a golden dragon
 69218 | Vaults:5 | Reached skill level 18 in Fighting
 69545 | Vaults:5 | Cast into level 4 of the Abyss (tengu reaver)
 69592 | Abyss:4  | Found an ornate altar of the Wu Jian Council.
 69611 | Abyss:4  | Found a glowing golden altar of the Shining One.
 69627 | Abyss:4  | Reached skill level 10 in Throwing
 69638 | Abyss:4  | Noticed a juggernaut
 69654 | Abyss:4  | Killed a juggernaut
 69667 | Abyss:4  | Got an abyssal rune of Zot
 69832 | Abyss:4  | Found a glowing golden altar of the Shining One.
 70021 | Vaults:5 | Escaped the Abyss
 70073 | Vaults:5 | Reached XP level 23. HP: 86/172 MP: 9/23
 70080 | Vaults:5 | Received a gift from Trog
 70088 | Vaults:5 | Identified the +9 demon trident of Midsummer {pain, +Inv
                  | rElec Str+2}
 71005 | Vaults:5 | Noticed an ancient lich
 71006 | Vaults:5 | Noticed a golden dragon
 71023 | Vaults:5 | Killed a golden dragon
 71032 | Vaults:5 | Killed an ancient lich
 71222 | Vaults:5 | Reached skill level 19 in Fighting
 71335 | Vaults:5 | Identified the +12 dagger "Gydaacvext" {vorpal, Dex+4}
 71335 | Vaults:5 | Identified the ring "Hunum" {+Blink Will+ Dex+6}
 71342 | Vaults:5 | Received a gift from Trog
 71401 | Vaults:5 | Noticed an ancient lich
 71427 | Vaults:5 | Killed an ancient lich
 71559 | Vaults:5 | Noticed a golden dragon
 71579 | Vaults:5 | Killed a golden dragon
 71953 | Vaults:5 | Identified the ring "Zocaruk" {rElec rF+ Will+}
 72409 | Vaults:5 | Received a gift from Trog
 72547 | Vaults:5 | Noticed a golden dragon
 72557 | Vaults:5 | Killed a golden dragon
 72571 | Vaults:5 | Got a silver rune of Zot
 73685 | Depths:1 | Entered Level 1 of the Depths
 73772 | Depths:1 | Found Vamisuha's Jewellery Shoppe.
 73772 | Depths:1 | Found Qyhe's Gadget Shop.
 73773 | Depths:1 | Found Uzupt's Gadget Shop.
 73989 | Depths:1 | Reached skill level 20 in Fighting
 73989 | Depths:1 | Reached XP level 24. HP: 159/183 MP: 21/23
 74002 | Depths:1 | Received a gift from Trog
 74619 | Depths:1 | Found Cog Poe's General Store.
 74622 | Depths:1 | Bought a scroll of acquirement for 988 gold pieces
 74622 | Depths:1 | Acquired a manual of Stealth
 74637 | Depths:1 | Found Xenoqeet's Jewellery Shoppe.
 74653 | Depths:1 | Found a gateway to Hell.
 74709 | Depths:1 | Found Ferghie's Antique Weapon Shop.
 75331 | Depths:1 | Found Denus's Blood Bar.
 75567 | Depths:1 | Bought a scroll of magic mapping for 66 gold pieces
 75642 | Depths:2 | Noticed Asterion
 75665 | Depths:2 | Killed Asterion
 76923 | Depths:2 | Got a heavily runed bone ring
 77035 | Depths:2 | Reached skill level 15 in Throwing
 77036 | Depths:2 | Identified the ring of the Peasants {*Tele Int+4} (You
                  | found it on level 2 of the Depths)
 77236 | Depths:3 | Noticed Jory
 77241 | Depths:3 | Killed Jory
 77305 | Depths:2 | Received a gift from Trog
 77732 | Depths:3 | Noticed Boris
 77746 | Depths:3 | Killed Boris
 77946 | Depths:3 | Reached skill level 21 in Fighting
 78586 | Depths:3 | Received a gift from Trog
 78844 | Depths:3 | Reached XP level 25. HP: 185/192 MP: 22/23
 79023 | Depths:3 | Found a one-way gate leading to the halls of Pandemonium.
 79061 | Depths:3 | Noticed an ancient lich
 79066 | Depths:3 | Noticed a juggernaut
 79086 | Depths:3 | Killed an ancient lich
 79087 | Depths:3 | Reached skill level 15 in Dodging
 79108 | Depths:3 | Identified the cursed ring "Xykhlore" {+Fly rElec Str-4
                  | Int-3 Dex+7}
 79498 | Depths:3 | Killed a juggernaut
 80071 | Depths:3 | Found a one-way gate to the infinite horrors of the Abyss.
 80172 | Depths:4 | Found Gozag's Assorted Antiques.
 80479 | Depths:4 | Found Gozag's Assorted Antiques.
 80481 | Depths:4 | Found an opulent altar of Gozag.
 80536 | Depths:4 | Found Gozag's Antique Weapon Shop.
 80868 | Depths:4 | Bought a scroll of blinking for 750 gold pieces
 81220 | Depths:4 | Found Zesteahu's Antique Armour Boutique.
 81220 | Depths:4 | Noticed Boris
 81245 | Depths:4 | Killed Boris
 81529 | Depths:4 | Bought a dazzling tower shield for 484 gold pieces
 81539 | Depths:4 | Identified the cursed +0 tower shield of Lugonu's
                  | Castigation {Harm rC+++ Dex-5 Stlth+} (You bought it in a
                  | shop on level 4 of the Depths)
 82258 | Depths:5 | Entered Level 5 of the Depths
 82435 | Depths:5 | Received a gift from Trog
 82588 | Depths:5 | Found Guthali's Armour Shoppe.
 83215 | Depths:5 | Found a gate to the Realm of Zot.
 83428 | Depths:5 | Noticed Margery
 83454 | Depths:5 | Killed Margery
 83607 | Depths:5 | Found a gateway to a ziggurat.
 84331 | Zot:1    | Entered Level 1 of the Realm of Zot
 84331 | Zot:1    | Noticed an ancient lich
 84331 | Zot:1    | Noticed a Killer Klown
 84331 | Zot:1    | Noticed a Killer Klown
 84335 | Zot:1    | Noticed a Killer Klown
 84342 | Zot:1    | HP: 9/190 [death cob (15)]
 84342 | Zot:1    | HP: 2/190 [storm dragon (7)]
 84342 | Zot:1    | Mangled by a storm dragon

Illustrated notes

Levels and vault maps discovered:
D:1:      dpeg_arrival_orchard, layout_basic, serial_glass, glass_columns_c,
          glass_columns_a
D:2:      layout_loops_ring, gammafunk_temple_overflow_pools
D:3:      layout_basic, grunt_decor_clamped, kennysheep_orc_chapel
D:4:      layout_basic, lemuel_round_altar, serial_shops,
          nicolae_shop_behind_doors, st_stairs_5, uniq_natasha, uniq_duvessa
D:5:      layout_basic, basic_altar, uniq_pikel, uniq_edmund, uniq_blork_the_orc
D:6:      layout_rooms, nzn_hepliaklqana_mist_gate,
          minmay_temple_entry_poolview, gammafunk_ghost_smash,
          trog_butcher_becter
D:7:      layout_cave_pools, serial_shops, shop, the_bakery
D:8:      layout_loops_ring, minmay_lair_entry_grove
D:9:      layout_basic, orc_0_dummy, serial_shops, shop, shop, shop_statue,
          ebering_ghost_inner_flame, uniq_prince_ribbit1
D:10:     layout_loops_ring, uniq_harold
D:11:     layout_stronghold, enter_trove_1, nrook_guardian_serpent_ordinary
D:12:     layout_loops_ring, sword_in_stone
D:13:     layout_roguey, skrybe_vaults_entry_preservation, uniq_jorgrun,
          uniq_urug
D:14:     layout_small_grid, kennysheep_decorative_pillar, uniq_roxanne
D:15:     grunt_enter_depths_giant_problem, layout_gridville, chequers_garden,
          serial_shops, shop_statue, hangedman_abyss_or_decor_slice
Temple:   dpeg_five_rooms_temple
Lair:1:   layout_regular_city
Lair:2:   layout_chaotic_city
Lair:3:   nzn_winding_woodlands_stair_cross
          [nzn_winding_woodlands_5x15_sawtooth,
          nzn_winding_woodlands_center_triple_pond,
          nzn_winding_woodlands_5x15_split_checker,
          nzn_winding_woodlands_5x5_closed_star,
          nzn_winding_woodlands_5x5_perimeter, nzn_winding_woodlands_5x15_pool,
          nzn_winding_woodlands_center_diamonds,
          nzn_winding_woodlands_5x15_concentric], layout_regular_city,
          palyth_hydra_swamp_entry, dummy_snake_entry, serial_bayou_pond_c,
          uniq_fannar, uniq_rupert
Lair:4:   layout_cave_pods, grunt_megastairs_4
Lair:5:   layout_loops_ring, nicolae_slime_entry_slimehenge
Lair:6:   hangedman_lair_caniforms_friends, layout_cave_pods,
          nicolae_volcano_entry_hallway, minivault_23, minmay_lair_oklob_bushes
Swamp:1:  cheibrodos_swamp_tower_of_moss, layout_basic_swamp,
          evilmike_swamp_ruin_house_4, swamp_pool1
Swamp:2:  layout_basic_swamp, portal_ice_cave_entry_dragon,
          nicolae_swamp_dense_foliage
Swamp:3:  layout_falls_marsh, serial_swamp_ruin, hangedman_swamp_ruin_hall,
          evilmike_swamp_ruin_rubble_1, uniq_bai_suzhen, uniq_louise
Swamp:4:  swamp_basic_johnstein, layout_basic_swamp, infiniplex_staircase_pool_2
Snake:1:  layout_honeycomb
Snake:2:  kennysheep_six_static_rooms, layout_onion
Snake:3:  layout_onion, st_stairs_9, lemuel_fruit_tree, serial_bayou_shore_a,
          serial_bayou_shore_b, minmay_shop_star
Snake:4:  grunt_snake_rune_pools, layout_layer_cave, minmay_snake_pond
Orc:1:    layout_caves
Orc:2:    grunt_orc_cross, layout_caves
Elf:1:    layout_geoelf_octagon, gammafunk_ghost_arena, serial_shops, shop,
          minmay_elf_sorcery
Vaults:1: grunt_vaults_swirl, st_greater_box_2, ontoclasm_vaults_shuriken,
          vaults_room_grid, nicolae_vaults_angled_halls, v_misc_1,
          vaults_room_octagon, ontoclasm_vaults_tryst,
          grunt_vaults_hallway_short, nicolae_vaults_shelves_hall,
          nicolae_vaults_gold_heap, vaults_mumra_hex, layout_vaults_big_cross
Vaults:2: grunt_vaults_hallway_long, hangedman_vaults_nails,
          hangedman_vaults_hat, vaults_room_large_hall, v_pattern_4,
          nicolae_vaults_little_squares_4, ontoclasm_vaults_spin,
          v_alt_pattern_6, vaults_mumra_chevron_long,
          nicolae_vaults_little_squares_2, vaults_dpeg_ring, layout_vaults_ring
Vaults:3: vaults_dpeg_doors, vaults_standard_mumra_enter_the_diamond,
          vaults_room_hallway, minmay_crypt_entry_necro_gods,
          nicolae_vaults_diagonal_hallway_8, hangedman_vaults_snaps,
          vaults_room_pools, ontoclasm_vaults_eye, ontoclasm_vaults_gateway,
          vaults_room_stairs_pillars, nicolae_vaults_mini_display_case,
          layout_vaults_big_room, uniq_boris, uniq_sojobo
Vaults:4: hangedman_vaults_corner_blocks, vaults_room_hangedman_quadrants,
          nicolae_vaults_angled_halls, grunt_vaults_hallway_long, v_misc_15,
          nicolae_vaults_what_the_h, grunt_vaults_hallway_short,
          layout_vaults_omnigrid
Vaults:5
Depths:1: layout_basic, serial_shops, nicolae_shop_window_shopping,
          nicolae_shop_stone, shop, chequers_serial_rivers_room_a, hell_entry,
          nicolae_water_bricks, guppyfry_shop_blood, grunt_megastairs_5,
          serial_bayou_shore_b, minmay_shop_grove
Depths:2: minmay_split_circle, layout_cave_shapes, hell_entry,
          corexii_hall_statues_t, uniq_asterion
Depths:3: minmay_strange_plus, layout_honeycomb, abyss_entry_crystal,
          hell_entry, chequers_decorated_corner, rand_demon_pan_entry_4,
          lemuel_flamethrower_3, minmay_staircase_bubble, uniq_jory
Depths:4: kennysheep_gozag_temple, layout_gridlike,
          pf_vacation_house_of_asmodeus, serial_shops, shop, nrook_uturn,
          hangedman_abyss_entry_splay, serial_bayou_shore_b
Depths:5: grunt_zot_entry_hairpin, layout_basic, enter_ziggurat_b, pan_entry,
          serial_shops, shop, grunt_metal_band, serial_sigils_hangedman_snap,
          grunt_ministairs_14
Zot:1:    ebering_klown_carousel, layout_misc_corridors, door_vault

Skill      XL: |  1  2  3  4  5  6  7  8  9 10 11 12 13 14 15 16 17 18 19 20 21 22 23 24 25 |
---------------+----------------------------------------------------------------------------+-----
Stealth        | 1 2 3 4 5 8 9 10 11 12 15 16 | 16.0
Short Blades   | 4 5 6 8 9 10 11 | 11.3
Shields        | 4 5 8 11 12 13 15 18 | 18.0
Evocations     | 1 2 9 10 | 10.2
Throwing       | 4 6 8 10 13 15 | 15.4
Dodging        | 6 8 9 10 11 13 14 16 | 16.9
Fighting       | 4 7 8 9 11 12 15 17 18 20 21 | 21.0
Axes           | 2 7 10 14 17 18 19 20 | 20.2

Action                   |  1- 3 |  4- 6 |  7- 9 | 10-12 | 13-15 | 16-18 | 19-21 | 22-24 | 25-27 || total
-------------------------+-------+-------+-------+-------+-------+-------+-------+-------+-------++-------
Melee: Short sword       |    74 |    95 |     8 |       |       |       |       |       |       ||   177
       Constrict         |    15 |    25 |    41 |    62 |   199 |   123 |   125 |   108 |    33 ||   731
       Tentacles         |    10 |    21 |    47 |   160 |   471 |   446 |   486 |   656 |   257 ||  2554
       Dagger            |       |       |   200 |   619 |  1437 |    21 |       |       |       ||  2277
       Rapier            |       |       |       |       |   137 |       |       |       |       ||   137
       Broad axe         |       |       |       |       |    79 |  1315 |  1310 |  1498 |   518 ||  4720
       Quick blade       |       |       |       |       |       |     7 |    13 |       |       ||    20
Throw: Dart              |       |    10 |    15 |    10 |    43 |    21 |     4 |    31 |     8 ||   142
       Throwing net      |       |       |       |       |     2 |       |       |       |       ||     2
       Boomerang         |       |       |       |       |       |    11 |       |       |       ||    11
       Javelin           |       |       |       |       |       |       |     4 |     1 |     2 ||     7
Invok: Berserk           |       |     1 |     4 |     2 |    14 |    15 |     9 |    12 |     4 ||    61
       Trog's Hand       |       |     1 |     2 |     1 |     5 |    12 |     5 |    10 |     4 ||    40
       Brothers in Arms  |       |       |       |       |     1 |     2 |     2 |     3 |     3 ||    11
Evoke: Wand              |       |       |       |     6 |     7 |     8 |       |     7 |       ||    28
       Condenser vane    |       |       |       |       |       |     1 |     3 |       |       ||     4
  Use: Scroll            |       |     1 |     4 |    13 |    15 |    28 |     9 |     4 |     7 ||    81
       Potion            |       |       |       |       |     1 |     6 |     6 |     9 |     5 ||    27
 Stab: Sleeping          |    11 |    14 |    21 |    32 |    81 |    44 |    56 |    27 |    12 ||   298
       Invisible         |       |       |     1 |       |       |       |       |       |       ||     1
       Distracted        |       |       |       |       |     9 |    11 |    11 |    13 |     6 ||    50
       Held in net/web   |       |       |       |       |     5 |       |       |       |       ||     5
Armor: Skin              |     4 |     9 |     4 |     6 |    78 |    77 |    96 |    61 |    14 ||   349
Dodge: Dodged            |    35 |    53 |   100 |   274 |   839 |   711 |   732 |   600 |   230 ||  3574
Block: Buckler           |       |       |     3 |    68 |   411 |   261 |       |       |       ||   743
       Kite shield       |       |       |       |       |       |   498 |   689 |   692 |   278 ||  2157
       Reflection        |       |       |       |       |       |    48 |    33 |    58 |     8 ||   147
